 Dungeon Crawl Stone Soup version 0.19.1 (webtiles) character file.

26 SQman the Gusty (level 2, 0/21 HPs)
             Began as a Vampire Wanderer on Dec 10, 2016.
             Slain by a kobold
             ... wielding a +2 short sword of speed
              (5 damage)
             ... on level 2 of the Dungeon.
             The game lasted 00:05:47 (771 turns).

SQman the Gusty (Vampire Wanderer)                   Turns: 771, Time: 00:05:47

Health: 0/21       AC:  2    Str: 12    XL:     2   Next: 89%
Magic:  1/3        EV: 12    Int: 13    God:
Gold:   52         SH:  0    Dex: 13    Spells: 1 memorised, 2 levels left

rFire  . . .     SeeInvis +     d - +1 dagger
rCold  . . .     Gourm    .     h - +0 robe
rNeg   + . .     Faith    .     (no shield)
rPois  .         Spirit   .     (no helmet)
rElec  .         Reflect  .     (no cloak)
rCorr  .         Harm     .     (no gloves)
MR     .....                    (no boots)
Stlth  +.........               (no amulet)
                                (no ring)
                                (no ring)

@: very slightly contaminated
A: fangs 3, see invisible, unbreathing
a: no special abilities


You were on level 2 of the Dungeon.
You were not thirsty.

You visited 1 branch of the dungeon, and saw 2 of its levels.

You collected 52 gold pieces.

Inventory:

Hand Weapons
 d - a +1 dagger (weapon)
Armour
 c - a +0 robe
 g - a +0 robe
 h - a +0 robe (worn)
Scrolls
 f - 2 scrolls of immolation
Potions
 e - 4 potions of blood
 j - a potion of resistance
Books
 a - a book of Minor Magic

   Spells                             Type                      Level
   a - Magic Dart                     Conjuration                  1
   b - Blink                          Translocation                2
   c - Call Imp                       Summoning                    2
   d - Repel Missiles                 Charms/Air                   2
   e - Slow                           Hexes                        2
   f - Conjure Flame                  Conjuration/Fire             3
   g - Mephitic Cloud                 Conjuration/Poison/Air       3
 b - the Catalogue of Confrontation

   Spells                             Type                      Level
   a - Shock                          Conjuration/Air              1
   b - Static Discharge               Conjuration/Air              3


   Skills:
 + Level 1.1 Fighting
 + Level 0.2(0.7) Short Blades
   Level 1.0 Long Blades
 + Level 2.0 Throwing
 + Level 1.2 Dodging
 + Level 1.1 Spellcasting
 + Level 1.1 Conjurations
 + Level 3.4 Air Magic


You had 2 spell levels left.
You knew the following spells:

 Your Spells              Type           Power        Failure   Level  Hunger
b - Shock                 Conj/Air       #...         12%         1    ##.....


Dungeon Overview and Level Annotations

Branches:
Dungeon (2/15)

Altars:
Ashenzari
Cheibriados
Trog
Xom
Yredelemnul


Innate Abilities, Weirdness & Mutations

You have razor-sharp teeth.
You have supernaturally acute eyesight. (SInv)
You can survive without breathing.


Message History

You closely miss the hobgoblin.
The hobgoblin is almost dead.
The hobgoblin completely misses you.
You barely miss the hobgoblin.
The hobgoblin is almost dead.
The hobgoblin hits you with a club.
You hit the hobgoblin.
You kill the hobgoblin!
The kobold throws a stone.
The stone hits you.
* * * LOW HITPOINT WARNING * * *
The kobold hits you but does no damage.
Things that are here:
a club; a hobgoblin corpse You hit the kobold but do no damage.
You bite the kobold.
The kobold is moderately wounded.
The kobold barely misses you.
You closely miss the kobold.
The kobold is moderately wounded.
The kobold hits you with a short sword of speed.
You die...

#.......# #.#####.#
#(# #.# #.# #.# #.#
#.# #############.#
#.# #..........##.#
#.# #...%....# #.#
#@######## #.# #K#
#.# #†# #.#
#)..)......# #.#
#.##._K.._.. #.# #
......... #.#
._..♣....#####.##
.................#
##....._.#######.##


You could see a kobold.

Vanquished Creatures
  A dart slug (D:2)
  2 giant cockroaches
  3 goblins (D:1)
  3 hobgoblins (D:2)
  4 jackals (D:1)
  A quokka (D:2)
  A ball python (D:2)
  2 bats (D:2)
  A frilled lizard (D:1)
  2 kobolds
  2 rats (D:2)
22 creatures vanquished.

Notes
Turn   | Place    | Note
-------+----------+-------------------------------------------
     0 | D:1      | SQman the Vampire Wanderer began the quest for the Orb.
     0 | D:1      | SQman set off with: a book of Minor Magic, the Catalogue of Confrontation, a +0 robe, a +0 dagger, a potion of blood
     0 | D:1      | Reached XP level 1. HP: 15/15 MP: 2/2
     2 | D:1      | Learned a level 1 spell: Magic Dart
     4 | D:1      | Learned a level 1 spell: Shock
   156 | D:1      | Reached XP level 2. HP: 6/21 MP: 3/3
   747 | D:2      | Found a snail-covered altar of Cheibriados.
   748 | D:2      | Found a basalt altar of Yredelemnul.
   751 | D:2      | Found a shattered altar of Ashenzari.
   752 | D:2      | Found a shimmering altar of Xom.
   752 | D:2      | Found a bloodstained altar of Trog.
   771 | D:2      | Slain by a kobold

Skill      XL: |  1  2 |
---------------+-------+-----
Throwing       | 2 |  2.0
Fighting       | |  1.1
Short Blades   | |  0.2
Long Blades    | |  1.0
Dodging        | |  1.2
Spellcasting   | |  1.1
Conjurations   | |  1.1
Air Magic      | |  3.4

Action                   || total
-------------------------++-------
Melee: Dagger            ||    71
       Bite              ||     7
 Cast: Shock             ||     6
       Magic Dart        ||     2
  Use: Scroll            ||     8
       Potion            ||     6
Armor: Robe              ||    17
Dodge: Dodged            ||    38
